Map: Golden Wall LE

Players

TYTY (TY)

  • Race: Terran Terran
  • League: Grandmaster
  • Spawn Location: 7:00

JinairRogue (Rogue) - Winner!

  • Race: Zerg Zerg
  • Spawn Location: 5:00

Event: War Chest Team League

VOD

Have the link to the VOD?

Description

Time

  • Played on: Aug. 7, 2020, 8:34 a.m.
  • Length: 18:11

All games in this series

Show
View Real Time Build Order
Export as new Build Order

TYTY Terran 

Build Orders:  

Get SALT Encoding   

  12  0:00  SCV  
  13  0:12  SCV  
  14  0:18  Supply Depot  
  14  0:24  SCV  
  15  0:40  Barracks  
  15  0:51  Barracks  
  15  0:54  SCV  
  16  1:06  SCV  
  16  1:09  Refinery  
  17  1:18  SCV  
  18  1:26  Marine  
  18  1:30  Orbital Command  
  19  1:38  Marine  
  20  1:40  Supply Depot  
  20  1:44  Marine  
  21  2:01  Bunker  
  21  2:03  Marine x2  
  23  2:12  Bunker  
  23  2:19  Factory  
  23  2:21  Marine  
  24  2:25  SCV  
  24  2:28  Marine  
  26  2:38  SCV  
  27  2:45  Supply Depot  
  27  2:46  Marine  
  27  2:50  SCV  
  29  2:56  Marine  
  30  3:02  SCV  
  31  3:06  Factory Tech Lab  
  31  3:08  Factory Reactor  
  32  3:14  SCV  
  34  3:21  Supply Depot  
  34  3:26  SCV  
  33  3:38  Command Center  
  34  3:45  Bunker  
  34  3:46  Hellion x2  
  37  3:53  Bunker  
  37  3:58  Starport  
  37  4:01  SCV  
  38  4:07  Hellion  
  38  4:08  Hellion  
  42  4:12  Supply Depot  
  42  4:15  SCV  
  40  4:27  SCV, Refinery  
  40  4:28  Hellion  
  40  4:29  Hellion  
  45  4:35  Medivac  
  48  4:45  Armory  
  48  4:49  Marine  
  48  4:50  Hellion x2, Marine  
  54  5:00  Supply Depot  
  54  5:04  Orbital Command  
  53  5:11  Hellion  
  57  5:14  Hellion  
  57  5:17  SCV  
  58  5:32  SCV x2  
  52  5:38  Hellion x2  
  56  5:46  SCV  
  56  5:49  Orbital Command, Liberator  
  47  6:00  Hellion x2  
  48  6:06  SCV  
  49  6:14  SCV  
  50  6:18  SCV  
  50  6:23  Barracks Reactor, Barracks Tech Lab  
  50  6:24  Hellion  
  53  6:26  SCV  
  53  6:31  SCV  
  53  6:38  SCV  
  52  6:43  SCV, Engineering Bay  
  52  6:46  Marine  
  54  6:48  Stimpack  
  54  6:50  SCV  
  54  6:51  Hellion  
  54  6:52  Hellion  
  57  6:54  Starport Reactor  
  57  6:55  SCV, Supply Depot  
  57  7:00  Marine x2  
  60  7:02  SCV  
  60  7:03  Marine  
  60  7:07  SCV, Supply Depot  
  63  7:15  SCV, Terran Infantry Weapons Level 1  
  64  7:18  Marine x2  
  64  7:19  SCV, Command Center  
  64  7:20  Hellion  
  67  7:24  Marine  
  72  7:30  Medivac x2  
  72  7:35  Widow Mine x2, Marine  
  79  7:39  Marine  
  79  7:42  Marine  
  79  7:44  Barracks  
  79  7:51  SCV x2  
  81  7:53  Marine, Barracks  
  81  7:54  Barracks  
  81  7:56  Marine  
  81  7:58  Widow Mine x2  
  87  7:59  Supply Depot, Marine  
  87  8:02  Medivac  
  90  8:08  Medivac  
  90  8:11  Marine  
  93  8:14  Marine  
  94  8:28  Combat Shield, Marine  
  94  8:29  Marine  
  94  8:31  Barracks Reactor  
  94  8:32  Orbital Command, Marine  
  94  8:33  Widow Mine x2  
  101  8:37  SCV x2  
  101  8:40  Marine  
  104  8:46  Refinery, Marine  
  104  8:47  Refinery, Marine  
  106  8:49  SCV  
  106  8:50  SCV  
  106  8:51  Medivac  
  106  8:52  Marine  
  112  9:00  Barracks Reactor  
  112  9:02  Orbital Command  
  105  9:06  Widow Mine x2  
  105  9:09  Barracks Reactor, Marine x2  
  104  9:11  SCV  
  98  9:19  SCV  
  98  9:23  SCV  
  95  9:27  Marine x2  
  95  9:28  Marine  
  96  9:31  Widow Mine x2  
  96  9:36  Marine  
  96  9:37  Marine  
  97  9:40  Marine x2  
  97  9:45  Marine, Liberator  
  102  9:46  Marine  
  102  9:47  Marine x2  
  102  9:50  Terran Infantry Armor Level 1  
  102  9:52  SCV x2, Widow Mine  
  109  9:53  Widow Mine  
  109  9:56  Orbital Command, Marine x2  
  100  10:01  Marine x2  
  100  10:03  Marine  
  99  10:11  Marine  
  94  10:16  SCV x2  
  94  10:18  Marine x3  
  93  10:22  Marine  
  93  10:26  Marine x2  
  93  10:28  Marine x2  
  94  10:36  Marine  
  94  10:39  Engineering Bay  
  94  10:41  Marine  
  94  10:42  Marine  
  97  10:44  Marine x4  
  97  10:45  SCV x3, Marine  
  93  10:54  Widow Mine x2  
  90  10:57  SCV x2  
  90  11:00  Marine x2  
  90  11:04  Marine x3  
  94  11:05  Missile Turret  
  91  11:11  Marine x2  
  91  11:14  Marauder  
  91  11:16  Missile Turret, Terran Infantry Weapons Level 2  
  91  11:18  Marine x2  
  92  11:19  Marine  
  92  11:21  Marine  
  92  11:22  Medivac x2  
  92  11:25  Marine x2, Widow Mine  
  101  11:27  Concussive Shells  
  101  11:29  Missile Turret, Marine x2  
  105  11:35  Marine  
  105  11:36  Marine x2  
  105  11:37  Marine  
  105  11:38  SCV  
  105  11:39  SCV, Marine  
  112  11:43  Marine x2  
  112  11:47  Marine x2  
  112  11:50  Widow Mine  
  112  11:53  Supply Depot  
  116  11:54  Supply Depot  
  116  11:55  Liberator x2  
  116  11:56  Widow Mine  
  116  11:57  Marine  
  125  12:02  Terran Infantry Armor Level 2  
  125  12:15  Marine x4, Widow Mine  
  131  12:18  Marine x4  
  132  12:27  Marine  
  127  12:32  Widow Mine, Marine  
  127  12:33  Marauder  
  127  12:35  Marine x2  
  127  12:36  Marine x4  
  128  12:45  Marine  
  128  12:47  Widow Mine  
  128  12:50  Marine  
  122  12:52  Liberator x2  
  122  12:53  Marine x2, Widow Mine  
  122  12:54  Marauder, Marine x3  
  122  12:56  Marine  
  131  13:03  Marine  
  125  13:08  Marine  
  125  13:10  Widow Mine  
  125  13:11  Marine  
  125  13:12  Command Center  
  129  13:15  Barracks  
  129  13:16  Barracks x2  
  129  13:17  Widow Mine  
  129  13:19  Terran Ship Weapons Level 1  
  131  13:23  Marauder, Marine x3  
  131  13:24  Marine  
  135  13:35  Orbital Command  
  135  13:38  Liberator x2  
  141  13:50  SCV, Widow Mine  
  141  13:51  SCV  
  141  13:53  Widow Mine  
  141  13:59  Supply Depot  
  141  14:02  Marauder  
  141  14:03  Marine  
  141  14:08  Barracks Tech Lab x2  
  136  14:12  Supply Depot  
  136  14:15  Barracks Tech Lab  
  136  14:16  Barracks Reactor  
  133  14:19  Widow Mine x2  
  133  14:20  Bunker, Marine x2  
  133  14:21  Marine x3  
  133  14:24  Marauder, Sensor Tower  
  144  14:32  Supply Depot x2, Missile Turret  
  144  14:36  Marauder x2, Marine  
  149  14:38  Marine x3  
  149  14:39  Missile Turret  
  149  14:43  Medivac x2  
  156  14:55  Marauder x2  
  156  14:57  Marine x2  
  156  14:59  Marine x3  
  163  15:02  Marauder, Marine x2  
  163  15:03  Marine  
  163  15:04  Orbital Command  
  163  15:05  Refinery  
  163  15:07  Supply Depot  
  170  15:10  SCV x2  
  172  15:14  Marine x2  
  172  15:16  Marine  
  173  15:21  Marine  
  173  15:22  Marine x4  
  173  15:25  Marine x3  
  173  15:29  SCV x2  
  173  15:32  Marine x2  
  161  15:38  Marine  
  161  15:39  Marine  
  161  15:40  Marine x2  
  161  15:42  SCV x2  
  150  15:47  Marauder x2, Marine x2  
  146  15:55  Marine x2  
  146  15:56  Marine  
  135  16:02  Orbital Command  
  134  16:06  Medivac  
  134  16:10  Marine x2  
  135  16:15  Marine  
  135  16:16  Marine  
  135  16:33  Marauder x2, Marine x2  
  135  16:34  SCV x2  
  135  16:38  Marauder x2, Marine x2  
  135  16:39  Marine x2  
  149  16:45  Marine  
  144  16:50  Marine  
  144  16:51  SCV, Marine  
  144  16:54  Marine  
  136  16:58  Medivac  
  136  17:01  Medivac  
  129  17:09  Widow Mine x2  
  129  17:10  Marine x3  
  129  17:11  Marine  
  129  17:14  Marine x2  
  128  17:30  Orbital Command, Widow Mine x2  
  128  17:32  Marauder x2, Marine x4  
  128  17:33  Marine x2  
  128  17:35  Marine  
  126  17:39  Missile Turret, Marine x2  
  126  17:50  Marine x5  
Show
View Real Time Build Order
Export as new Build Order

JinairRogue Zerg - Winner!

Build Orders: Hatch First 

Get SALT Encoding   

  12  0:00  Drone  
  13  0:12  Overlord  
  13  0:17  Drone  
  14  0:30  Drone  
  14  0:31  Drone  
  16  0:49  Hatchery  
  15  0:51  Drone  
  15  0:55  Drone  
  17  0:58  Drone  
  18  1:09  Extractor  
  17  1:14  Spawning Pool  
  17  1:18  Drone  
  17  1:21  Drone  
  18  1:30  Drone  
  19  1:39  Drone  
  20  1:51  Drone  
  21  2:01  Zergling x4, Queen x2  
  27  2:12  Overlord  
  27  2:13  Zergling x2  
  27  2:14  Metabolic Boost  
  28  2:30  Zergling x2  
  28  2:31  Zergling x2  
  28  2:32  Zergling x2  
  28  2:33  Zergling x2  
  34  2:49  Hatchery  
  31  2:52  Overlord  
  31  3:01  Overlord  
  31  3:19  Drone  
  36  3:20  Zergling x2, Drone x4  
  37  3:34  Drone  
  37  3:41  Drone  
  37  3:46  Overlord  
  38  4:01  Drone  
  38  4:02  Queen, Drone x3  
  44  4:12  Drone x2  
  44  4:14  Drone x2  
  44  4:16  Drone  
  48  4:24  Drone  
  48  4:28  Drone  
  48  4:31  Hatchery  
  49  4:33  Drone x2  
  49  4:34  Drone  
  49  4:35  Overlord  
  51  4:42  Queen  
  51  4:51  Overlord  
  51  4:53  Queen  
  51  4:56  Zergling x8  
  51  4:57  Spore Crawler  
  56  5:01  Drone x2  
  56  5:07  Extractor  
  57  5:09  Baneling Nest  
  57  5:13  Zergling x4  
  57  5:22  Zergling x4  
  57  5:23  Zergling x8  
  62  5:33  Zergling x4, Queen x2  
  66  5:41  Zergling x4  
  64  5:49  Zergling x4, Queen  
  56  5:52  Zergling x2  
  56  5:54  Zergling x2  
  56  6:01  Zergling x2  
  57  6:05  Zergling x2  
  57  6:07  Drone  
  57  6:08  Queen, Drone x6  
  67  6:15  Overlord  
  67  6:16  Queen  
  69  6:21  Zergling x2  
  69  6:23  Overlord x2  
  70  6:28  Spore Crawler  
  70  6:30  Drone  
  70  6:31  Drone  
  70  6:35  Spore Crawler  
  70  6:36  Drone x2  
  70  6:39  Drone  
  70  6:44  Lair  
  70  6:46  Zergling x10  
  75  6:50  Drone  
  75  6:51  Drone x2  
  78  6:58  Drone x2  
  78  6:59  Drone  
  81  7:05  Drone x2  
  81  7:08  Drone x3  
  85  7:09  Evolution Chamber x2  
  84  7:16  Baneling x3  
  84  7:20  Drone x3  
  87  7:27  Drone  
  87  7:28  Drone  
  89  7:30  Hatchery x2, Extractor x2  
  89  7:32  Overlord  
  89  7:33  Overlord  
  85  7:40  Zerg Melee Weapons Level 1, Zerg Ground Armor Level 1, Extractor x2  
  83  7:45  Overseer, Spire  
  83  7:49  Overlord  
  82  7:57  Centrifical Hooks, Drone  
  83  7:58  Drone  
  83  7:59  Drone x5  
  88  8:07  Drone x6  
  88  8:10  Zergling x6  
  98  8:12  Zergling x2  
  98  8:19  Baneling x7  
  98  8:20  Baneling  
  98  8:21  Zergling x6  
  98  8:25  Zergling x6  
  104  8:28  Overlord  
  104  8:35  Zergling x2  
  104  8:38  Overlord x2  
  105  8:42  Overlord  
  105  8:43  Baneling x2  
  105  8:44  Baneling x4  
  105  8:46  Zergling x10  
  110  8:54  Overseer  
  108  8:59  Zergling x14  
  92  9:10  Zergling x16  
  92  9:14  Zergling x2  
  92  9:17  Zergling x8  
  101  9:19  Baneling x4  
  103  9:29  Drone x5  
  99  9:31  Drone x2  
  100  9:39  Drone x3  
  100  9:42  Drone x2  
  100  9:43  Drone x2  
  107  9:52  Zergling x8  
  107  9:59  Zergling x14  
  101  10:04  Overseer  
  96  10:12  Zergling x20  
  99  10:20  Drone x3  
  99  10:21  Drone  
  99  10:23  Zerg Ground Armor Level 2  
  99  10:28  Drone x4  
  93  10:43  Mutalisk x7  
  101  10:51  Mutalisk x3  
  101  10:56  Zergling x10  
  105  10:57  Zergling x2  
  105  11:01  Drone x3  
  102  11:04  Zergling x4  
  102  11:06  Drone  
  102  11:07  Drone  
  102  11:11  Zergling x8  
  110  11:12  Zergling x2  
  110  11:15  Overlord  
  111  11:18  Baneling x3  
  111  11:19  Baneling x4  
  111  11:22  Overseer  
  111  11:23  Pneumatized Carapace  
  111  11:25  Zerg Melee Weapons Level 2  
  111  11:29  Drone x2  
  111  11:30  Drone x2  
  111  11:31  Drone  
  111  11:32  Drone  
  115  11:41  Mutalisk x5  
  124  11:47  Overlord x2  
  124  11:53  Drone  
  125  11:56  Overlord x2  
  125  12:00  Baneling x3  
  125  12:01  Zergling x2  
  125  12:05  Baneling x4  
  125  12:12  Spore Crawler  
  125  12:14  Baneling  
  125  12:15  Baneling x2  
  124  12:20  Zergling x10  
  124  12:22  Hatchery  
  125  12:23  Overseer  
  125  12:26  Zergling x2  
  125  12:27  Zergling x12  
  125  12:29  Baneling x5  
  128  12:30  Zergling x2  
  128  12:35  Zergling x2  
  128  12:36  Zergling x8  
  127  12:45  Zergling x2  
  127  12:46  Zergling x18  
  130  12:54  Mutalisk x4  
  130  12:55  Baneling  
  130  12:56  Baneling x2  
  135  12:58  Zergling x2  
  135  12:59  Zergling x2  
  135  13:00  Zergling x4  
  131  13:05  Zergling x2  
  131  13:06  Zergling x8  
  131  13:07  Overseer  
  136  13:15  Zergling x2  
  136  13:18  Overlord x2  
  136  13:19  Zergling x10  
  142  13:28  Baneling x5  
  142  13:29  Baneling x8  
  142  13:33  Drone x3  
  144  13:37  Zergling x12  
  143  13:42  Zergling x2  
  143  13:43  Zergling x14  
  143  13:45  Zerg Flyer Weapons Level 1  
  151  13:53  Mutalisk x4  
  154  13:57  Zergling x8  
  152  14:04  Mutalisk  
  152  14:05  Mutalisk x2  
  152  14:06  Zergling x6  
  153  14:10  Zergling x2  
  153  14:11  Zergling x6  
  153  14:13  Zergling x2  
  153  14:14  Zergling x4  
  160  14:19  Zergling x2  
  160  14:20  Zergling x6, Spore Crawler  
  163  14:28  Burrow  
  163  14:29  Overlord x4  
  163  14:34  Zergling x2  
  163  14:36  Baneling x8  
  163  14:37  Baneling x4  
  163  14:41  Overlord  
  163  14:50  Infestation Pit  
  162  14:54  Zergling x20  
  162  14:56  Zergling x2  
  162  14:57  Hatchery  
  162  14:58  Zergling x2  
  162  14:59  Zergling x4  
  175  15:14  Zergling x10  
  175  15:15  Zergling x4  
  175  15:17  Baneling x4  
  174  15:23  Zergling x28  
  174  15:24  Baneling x5  
  174  15:27  Zergling x4  
  188  15:29  Baneling x4  
  181  15:35  Zergling x2  
  181  15:36  Zergling x6  
  181  15:41  Zergling x10  
  174  15:45  Zergling x2  
  168  15:50  Zergling x8  
  168  15:55  Baneling x17  
  168  15:56  Baneling  
  164  15:59  Overlord x2  
  164  16:00  Overlord  
  160  16:11  Hive  
  160  16:22  Zergling x6  
  160  16:23  Zergling x10  
  161  16:27  Zergling x2  
  161  16:28  Baneling x9  
  161  16:29  Hatchery, Baneling x2  
  161  16:31  Zergling x6  
  161  16:32  Zergling x6  
  162  16:37  Zergling x2  
  162  16:38  Zergling x10  
  169  16:40  Zergling x2  
  169  16:42  Zergling x4  
  169  16:48  Zergling x2  
  169  16:49  Zergling x4  
  169  16:50  Zergling x2  
  165  17:02  Zergling x2  
  165  17:06  Hatchery  
  152  17:09  Zergling x28  
  152  17:10  Zergling x4  
  152  17:12  Zergling x2  
  152  17:13  Baneling x2  
  152  17:14  Baneling x4  
  168  17:16  Zergling x4  
  168  17:21  Zergling x2  
  170  17:26  Mutalisk  
  170  17:27  Mutalisk x3  
  172  17:42  Zergling x2  
  170  17:44  Hatchery  
  170  17:49  Zergling x22  
Tags
 
Add a new tag
Caveats
  • Supply blocks, unpowered buildings, or Contaminate may cause inaccurate times.
  • Supply counts are checked every 10 seconds.